Unix NetHack Version 5.0.0-0 post-release - last build May 17 2026 04:57:42 (dc50c8380fa5e20985bfe3072449f57b8d9895ef,branch:main).

Game began 2026-05-20 23:34:07, ended 2026-05-21 20:59:49.

Arakanox, lawful male gnomish Healer

                 ---------
                 |..<....|
                 |...(...|
                 |.......|
                 |.......+#  #####B#######B#######v##s@@
                 |.......|#######  -.-
                 -----.---#     # C....
                      #####      |.....C.
                                 |...-.---
                                 |...|.{
                                 |..C| .{
                                 |...| {.|
                                 |...- ---
                                 |...
                                 |C..
                                 -----

Arakanox the Dresser         St:15 Dx:16 Co:18 In:11 Wi:18 Ch:18  Lawful
Dlvl:8  $:1374 HP:0(81) Pw:114(114) AC:-5 Xp:10 T:12063  Fainted  Deaf

Latest messages:
 What do you want to drink? [rvyI or ?*] r
 Ooph!  This tastes like liquid fire!
 What do you want to use or apply? [ad-gklqsuxGHKLP or ?*] a
 You put a scroll called id into the bag called BoH.
 You put a pink potion into the bag called BoH.
 You put a potion called booze into the bag called BoH.
 You put a potion of healing into the bag called BoH.
 Pick a monster, object or location.
 You are carrying too much to get through.
 You hear someone counting gold coins.
 You kill the newt!
 You are beginning to feel weak.
 You descend the stairs.
 You see here a bag called sack.
 The bag is empty.
 You hit the werewolf!
 Your silver saber named Werebane sears the werewolf's flesh!
 The werewolf changes into a wolf.
 The werewolf bites!
 Your silver saber named Werebane sears the werewolf's flesh!
 You kill the werewolf!
 The dwarf wields a pick-axe.
 You hear a door open.
 The soldier throws a knife!
 The knife slips as the soldier throws it!
 The soldier wields a runed broadsword!
 You faint from lack of food.
 The soldier swings his runed broadsword.
 The soldier hits!
 The soldier swings his runed broadsword.
 The soldier hits!
 The soldier swings his runed broadsword.
 The soldier hits!
 The soldier swings his runed broadsword.
 The soldier hits!
 The soldier swings his runed broadsword.
 The soldier hits!
 The soldier swings his runed broadsword.
 The soldier hits!
 The soldier swings his runed broadsword.
 The soldier hits!
 The giant spider bites!
 The soldier swings his runed broadsword.
 The soldier hits!
 You die...
 Do you want your possessions identified? [ynq] (y) y
 Do you want to see your attributes? [ynq] (y) y
 Do you want an account of creatures vanquished? [ynaq] (y) y
 Do you want to see your conduct and achievements? [ynq] (y) y
 Do you want to see the dungeon overview? [ynq] (y) y

Inventory:
 Coins    ('$')
  $ - 1374 gold pieces
 Weapons  (')')
  w - the +3 Sting (alternate weapon; not wielded)
  Y - the +1 Werebane (weapon in right hand)
 Armor    ('[')
  C - an uncursed +0 dwarvish iron helm (being worn)
  E - an uncursed +1 pair of leather gloves (being worn)
  D - an uncursed rusty +0 pair of iron shoes (being worn)
  F - an uncursed +0 dwarvish roundshield (being worn)
  B - an uncursed greased +1 dwarvish cloak (being worn)
  A - an uncursed +0 dwarvish mithril-coat (being worn)
 Comestibles  ('%')
  j - 2 uncursed tripe rations
 Rings    ('=')
  t - an uncursed ring of free action
  S - an uncursed +2 ring of gain strength (on left hand)
  R - a blessed +1 ring of protection (on right hand)
 Wands    ('/')
  K - a wand of cold (0:0)
  l - a wand of light (0:8)
  G - a wand of lightning (0:0)
  k - a wand of sleep (0:8)
  f - a wand of sleep (0:5)
  e - a wand of sleep (0:0)
  H - a wand of slow monster (0:2)
 Tools    ('(')
  a - a blessed bag of holding containing 45 items
  u - a bag of tricks (0:1)
  x - an uncursed oil lamp
  s - an uncursed skeleton key
  d - an uncursed stethoscope
  L - a blessed tallow candle
  q - an uncursed tin whistle
  P - an uncursed towel
 Gems/Stones  ('*')
  g - an uncursed luckstone

Contents of the bag of holding:
  739 gold pieces
  a cursed amulet of restful sleep
  the rustproof +2 Dragonbane
  an uncursed +0 elven cloak
  a blessed scroll of blank paper
  3 uncursed scrolls of blank paper
  a cursed scroll of blank paper
  2 uncursed scrolls of confuse monster
  a cursed scroll of confuse monster
  an uncursed scroll of create monster
  a blessed scroll of enchant weapon
  an uncursed scroll of enchant weapon
  an uncursed scroll of food detection
  an uncursed scroll of genocide
  an uncursed scroll of gold detection
  a cursed scroll of gold detection
  2 uncursed scrolls of identify
  a blessed scroll of magic mapping
  an uncursed scroll of taming
  an uncursed potion of blindness
  5 uncursed potions of booze
  a cursed potion of booze
  a cursed potion of confusion
  2 uncursed potions of gain energy
  2 uncursed potions of hallucination
  6 uncursed potions of healing
  2 cursed potions of healing
  an uncursed potion of levitation
  an uncursed potion of object detection
  a blessed potion of oil
  3 potions of holy water
  an uncursed ring of shock resistance
  a wand of secret door detection (0:12)
  a cursed +0 grappling hook
  2 uncursed tallow candles
  6 blessed wax candles
  3 uncursed wax candles
  2 uncursed amethyst stones
  2 uncursed diamonds
  2 uncursed rubies
  an uncursed turquoise stone
  an uncursed worthless piece of blue glass
  2 uncursed worthless pieces of green glass
  an uncursed worthless piece of orange glass
  an uncursed worthless piece of red glass

Arakanox the Healer's attributes:

Background:
 You were a Dresser, a level 10 male gnomish Healer.
 You were lawful, belatedly on a mission for Athena
 who was opposed by Hermes (neutral) and Poseidon (chaotic).
 You started out neutral.
 You were right-handed.
 You were in the Dungeons of Doom, on level 8.
 You entered the dungeon 12063 turns ago.
 You had 5294 experience points, 4706 more were needed to attain level 11.

Basics:
 You had 0 out of 81 hit points.
 You had all 114 energy points (spell power).
 Your armor class was -5.
 Your wallet contained 1374 zorkmids, and
 you had 739 more stashed away in your pack.
 Autopickup was off.

Final Characteristics:
 Your strength was 15 (base:14, limit:18/50).
 Your dexterity was 16 (limit:18).
 Your constitution was 18 (limit:18).
 Your intelligence was 11 (limit:19).
 Your wisdom was 18 (limit:18).
 Your charisma was 18 (limit:18).

Final Status:
 You were deaf.
 You were fainted due to starvation.
 You were unencumbered.
 You were wielding a saber.
 You had basic skill with saber.

Final Attributes:
 You were piously aligned.
 Your items were somewhat protected from fire.
 Your items were somewhat protected from cold.
 You were poison resistant.
 You were telepathic.
 You had infravision.
 You had a small defense bonus (+1).
 You were protected.
 Your spell casting was impaired by metallic armor.
 You were fast.
 You were extremely lucky.
 You had extra luck.
 Bad luck did not time out for you.
 Good luck did not time out for you.
 You are dead.

Miscellaneous:
 You encountered 1 bones level.
 Total elapsed playing time was 2 hours, 43 minutes and 28 seconds.

Major events:
 Turn
    1: Arakanox the neutral male gnomish Healer entered the dungeon
  896: entered the Gnomish Mines
  914: found Sting on the floor
 1213: attained the rank of Empiric (level 3)
 1940: reached Mine Town
 2276: attained the rank of Embalmer (level 6)
 5044: acquired the Mines' End luckstone
11121: was bestowed with Werebane by Athena
11840: was bestowed with Dragonbane by Athena
11913: attained the rank of Dresser (level 10)
12063: killed by a soldier, while fainted from lack of food

Spells:
 Name                 Level Category     Fail Retention
 healing                1   healing      100%   31%-40%
 extra healing          3   healing      100%   31%-40%
 stone to flesh         3   healing      100%   31%-40%
 polymorph              6   matter       100%   51%-75%
 force bolt             1   attack       100%  76%-100%

Skills:
 Fighting Skills
   bare handed combat [Unskilled]
 Weapon Skills
   dagger             [Skilled]
   knife              [Basic]
   short sword        [Unskilled]
   broadsword         [Unskilled]
   saber              [Basic]
   club               [Unskilled]
   mace               [Unskilled]
   quarterstaff       [Unskilled]
   polearms           [Unskilled]
   spear              [Unskilled]
   trident            [Unskilled]
   sling              [Unskilled]
   dart               [Unskilled]
   shuriken           [Unskilled]
   unicorn horn       [Unskilled]
 Spellcasting Skills
   healing spells     [Basic]

Voluntary challenges:
 Character rerolling was not enabled.
 You were vegetarian.
 You never genocided any monsters.
 You never polymorphed an object.
 You never changed form.
 You used no wishes.
Achievements:
 You entered a shop.
 You entered the Gnomish Mines.
 You attained the rank of Empiric.
 You entered Minetown.
 You entered a temple.
 You attained the rank of Embalmer.
 You completed the Gnomish Mines.
 You attained the rank of Dresser.

 The Dungeons of Doom: levels 1 to 8
    Level 1:
       An altar to Athena, many fountains, a sink.
    Level 2:
       Some fountains, a sink.
    Level 3:
    Level 4:
       A wand shop, an altar to Athena, some fountains.
       Stairs down to The Gnomish Mines.
    Level 5:
       A fountain, a grave.
    Level 6:
       An altar to Athena.
       Final resting place for
          spody-Wiz-Gno-Mal-Neu, killed by a lizard.
    Level 7:
       An altar, a fountain.
    Level 8: <- You were here.
       Many fountains.
       Final resting place for
          you, killed by a soldier, while fainted from lack of food.
 The Gnomish Mines: levels 5 to 12
    Level 5:
    Level 6:
    Level 7:
    Level 8:
       Many shops, a temple and an altar to Athena, some fountains.
    Level 9:
    Level 10:
    Level 11:
    Level 12:
       A fountain.


Vanquished creatures:
  a warg
  8 small mimics
  2 freezing spheres
  a flaming sphere
  a dwarf ruler
  2 tengu
 an ochre jelly
  2 leocrottas
  a human mummy
  a wraith
  a carnivorous ape
  4 soldiers
  4 chameleons
  a crocodile
  2 giant beetles
  a cockatrice
  4 wolves
  a winter wolf cub
  a gremlin
  a spotted jelly
  4 leprechauns
 an orc-captain
  2 giant spiders
 an ice vortex
  2 black lights
  a gold golem
  3 werewolves
  6 lizards
  a chickatrice
  3 dingoes
  5 jaguars
  2 dust vortices
  2 gnome mummies
  a snake
  5 apes
  a rope golem
  5 Woodland-elves
  2 soldier ants
  2 bugbears
  a quasit
  4 mountain nymphs
  4 Mordor orcs
 an orc shaman
  2 rock piercers
  2 rock moles
  3 ponies
  3 yellow lights
  2 violet fungi
  5 gnome leaders
  2 gnomish wizards
  a kobold mummy
  2 gray oozes
  2 ghouls
  2 straw golems
  a paper golem
  3 giant ants
  8 floating eyes
  a kitten
 18 dwarves
  a homunculus
  a kobold leader
  a kobold shaman
  7 hill orcs
  9 rothes
  a rabid rat
  3 giant bats
  a dwarf zombie
  2 wererats
  5 iguanas
 12 killer bees
  2 acid blobs
  8 coyotes
  3 hobbits
  9 manes
  a hobgoblin
  3 giant rats
  8 cave spiders
  a brown mold
  2 yellow molds
  3 green molds
  a red mold
 21 gnomes
 13 garter snakes
  5 geckos
  6 jackals
  a kobold
  3 goblins
  a sewer rat
 10 grid bugs
  3 lichens
 11 newts
314 creatures vanquished.

No species were genocided or became extinct.

Game over:
                       ----------
                      /          \
                     /    REST    \
                    /      IN      \
                   /     PEACE      \
                  /                  \
                  |     Arakanox     |
                  |     2113 Au      |
                  |   killed by a    |
                  |     soldier      |
                  |                  |
                  |                  |
                  |       2026       |
                 *|     *  *  *      | *
        _________)/\\_//(\/(/\)/\//\/|_)_______

Goodbye Arakanox the Healer...

You died in The Dungeons of Doom on dungeon level 8 with 22466 points,
and 2113 pieces of gold, after 12063 moves.
You were level 10 with a maximum of 81 hit points when you died.

